 Dungeon Crawl Stone Soup version 0.24.1-1-gd1d2a07e1b (webtiles) character file.

Game seed: 2318597609992712822, levelgen mode: deterministic

13700 MajorAdolf the Covert (level 12, -1/109 (110) HPs)
             Began as a Naga Wanderer on Apr 9, 2020.
             Slain by an orc warrior
             ... wielding a +0 broad axe
              (27 damage)
             ... on level 11 of the Dungeon.
             The game lasted 00:36:53 (13996 turns).

MajorAdolf the Covert (Naga Wanderer)              Turns: 13996, Time: 00:36:53

HP:   -1/109 (110)  AC: 14    Str: 20    XL:     12   Next: 8%
MP:   16/16         EV:  9    Int: 15    God:
Gold: 215           SH: 18    Dex: 11    Spells: 11/11 levels left

rFire    . . .     SeeInvis +   G - +2 broad axe
rCold    . . .     Gourm    .   p - +0 large shield
rNeg     . . .     Faith    .   q - +2 robe {MR+}
rPois    +         Spirit   .   B - +2 helmet
rElec    .         Reflect  +   (no cloak)
rCorr    .         Harm     .   z - +0 pair of gloves
MR       ++...                  (no barding)
Stlth    +++++.....             y - +3 amulet of reflection
HPRegen  0.28/turn              g - +2 ring of protection
MPRegen  0.15/turn              Q - +3 ring of dexterity

@: very slow
A: large, see invisible, deformed body, poison resistance, slowness 2, slow
metabolism 1, spit poison 1, AC +4
a: Spit Poison


You were on level 11 of the Dungeon.
You were hungry.

You visited 2 branches of the dungeon, and saw 12 of its levels.
You also visited: Ossuary.

You collected 729 gold pieces.
You spent 514 gold pieces at shops.

Inventory:

Hand Weapons
 G - a +2 broad axe (weapon)
Missiles
 b - 7 arrows
 n - 315 stones (quivered)
Armour
 p - a +0 large shield (worn)
 q - a +2 robe of magic resistance (worn)
 x - a +0 chain mail
 z - a +0 pair of gloves (worn)
 B - a +2 helmet (worn)
Jewellery
 a - an uncursed ring of wizardry
 g - a +2 ring of protection (left hand)
 y - a +3 amulet of reflection (around neck)
 M - an uncursed ring of protection from magic
 Q - a +3 ring of dexterity (right hand)
 R - an uncursed ring of flight
 T - an uncursed ring of fire
 V - an uncursed ring of positive energy
Wands
 o - a wand of random effects (40)
 D - a wand of polymorph (2)
 P - a wand of digging (4)
Scrolls
 e - 2 scrolls of immolation
 f - 6 scrolls of remove curse
 k - a scroll of torment {unknown}
 s - a scroll of amnesia
 v - 3 scrolls of fog
 A - 3 scrolls of teleportation
 F - 2 scrolls of fear
 H - 10 scrolls of identify
 I - a scroll of blinking
Potions
 c - a potion of haste {unknown}
 h - 2 potions of ambrosia
 i - 5 potions of brilliance
 j - 3 potions of curing
 l - 5 potions of lignification
 r - a potion of mutation {unknown}
 t - 4 potions of heal wounds
 u - 4 potions of might
 w - 2 potions of flight {unknown}
 C - a potion of agility
 J - 2 potions of cancellation {unknown}
 L - a potion of experience {unknown}
 N - a potion of invisibility {unknown}
Comestibles
 d - 17 rations
 E - 3 chunks of flesh


   Skills:
 + Level 7.7 Fighting
 + Level 7.3 Axes
   Level 1.0 Bows
 + Level 6.4 Armour
 + Level 6.3 Dodging
 + Level 11.5 Stealth
 + Level 5.8 Shields
   Level 2.0 Charms
   Level 1.0 Fire Magic
 + Level 6.3 Evocations


You had 11 spell levels left.
You didn't know any spells.
Your spell library contained the following spells:

 Spells                   Type           Power        Failure   Level  Hunger
 Beastly Appendage        Tmut           #.....       88%         1    ##.....
 Shock                    Conj/Air       #...         88%         1    ##.....
 Swiftness                Chrm/Air       #.......     88%         2    ###....
 Poisonous Vapours        Pois/Air       #.....       96%         2    ###....
 Sticks to Snakes         Tmut           #.......     96%         2    ###....
 Conjure Flame            Conj/Fire      #.......     99%         3    ####...
 Mephitic Cloud           Conj/Pois/Air  #.......     99%         3    ####...
 Spider Form              Tmut/Pois      #.........   99%         3    ####...
 Static Discharge         Conj/Air       #.......     99%         3    ####...
 Airstrike                Air            #.........   100%        4    #####..
 Ice Form                 Ice/Tmut       #.......     100%        4    #####..
 Blade Hands              Tmut           #.........   100%        5    ######.
 Lightning Bolt           Conj/Air       #.........   100%        5    ######.
 Freezing Cloud           Conj/Ice/Air   #.........   100%        6    #######
 Ring of Flames           Chrm/Fire      #.........   100%        7    #######


Dungeon Overview and Level Annotations

Branches:
Dungeon (11/15)            Temple (1/1) D:7            Lair (0/6) D:8
    Orc (0/2) D:11        Ossuary (visited)

Altars:
Ashenzari
Cheibriados
Dithmenos
Elyvilon
Fedhas
Gozag
Hepliaklqana
Kikubaaqudgha
Makhleb
Nemelex Xobeh
Okawaru
Qazlal
Ru
Sif Muna
Trog
Uskayaw
Vehumet
Wu Jian
Xom
Yredelemnul
Zin
The Shining One

Shops:
D:5 [(   D:6 =

Annotations:
D:5 Ijyb
D:10 Fannar
Abyss:1 Grum, Sigmund


Innate Abilities, Weirdness & Mutations

You cannot wear boots.
Your serpentine skin is tough. (AC +4)
You have supernaturally acute eyesight. (SInv)
Armour fits poorly on your strangely shaped body.
Your system is resistant to poisons. (rPois)
You cover ground very slowly.
You have a slow metabolism.
You can spit poison.


Message History

You closely miss the orc warrior. You block the orc warrior's attack.
You block the orc warrior's attack.
There is an open door here.
Things that are here:
a +0 hand axe; an orc corpse Unknown command.
You hit the orc warrior but do no damage.
The orc warrior is moderately wounded.
The orc warrior hits you with a +0 broad axe!
You hit the orc warrior.
The orc warrior is heavily wounded.
The orc warrior hits you with a +0 broad axe!
* * * LOW HITPOINT WARNING * * *
You closely miss the orc warrior.
The orc warrior is heavily wounded.
You block the orc warrior's attack.
You barely miss the orc warrior.
The orc warrior is heavily wounded.
The orc warrior hits you with a +0 broad axe!!
You die...

.####....)(..#####.........#
### ## #........#
#.........# # ######.###
######.#### #.# #..# #.#
##.## # ..# #..# #. .##
#####'##### #
##.#########.........# ###
#........#.@.........# #..
#..o))[....#o........# ##.#
$ #....)...###.........#
#..# .# #.......>/.#
#.......<.####.## ##
###.......(#
#.........)....## ##########
#.........###### ###########


You could see an orc warrior.

Vanquished Creatures
  Erolcha (D:11)
  A two-headed ogre (D:9)
  Sonja (D:10)
  A sea snake (D:11)
  The ghost of hurston the Skirmisher, a novice GrFi of Makhleb (D:8)
  Psyche (D:11)
  A centaur skeleton (D:11)
  3 hippogriffs
  A shadow (D:8)
  7 yaks
  An acid dragon (D:8)
  A porcupine (D:8)
  6 orc warriors (D:11)
  4 ice beasts
  A black bear (D:8)
  An eye of draining (D:9)
  2 necrophages
  2 sky beasts (D:7)
  6 ogres
  3 wolves (D:10)
  4 centaurs
  2 crocodiles (D:11)
  A big kobold (D:7)
  5 bullfrogs
  A water moccasin zombie (Ossuary)
  4 scorpions
  36 killer bees
  2 howler monkeys
  6 wights
  5 crimson imps
  3 centaur zombies
  A bullfrog skeleton (D:11)
  A bullfrog zombie (D:7)
  5 orc wizards
  5 orc priests (D:11)
  2 jellies
  3 iguanas
  14 worker ants
  Natasha (D:2)
  A big kobold zombie (Ossuary)
  2 hound skeletons
  A mummy (Ossuary)
  A worker ant zombie (D:6)
  A gnoll (D:6)
  10 adders
  A shadow imp (D:6)
  4 adder zombies
  An adder skeleton (D:6)
  4 worms
  2 dart slugs
  7 leopard geckos
  26 orcs
  2 ball pythons
  A bat zombie (D:6)
  7 giant cockroaches
  3 goblins
  6 hobgoblins
  2 jackals (D:10)
  4 quokkas
  7 bats
  4 frilled lizards
  A giant cockroach zombie (D:6)
  4 gnoll zombies (Ossuary)
  4 hobgoblin zombies (Ossuary)
  A jackal skeleton (D:7)
  21 kobolds
  4 kobold zombies (Ossuary)
  A leopard gecko zombie (D:6)
  5 orc zombies (Ossuary)
  10 rats
  2 rat zombies (D:6)
  2 fungi (D:8)
298 creatures vanquished.

Vanquished Creatures (others)
  A two-headed ogre (D:8)
  3 yaks (D:9)
  A water moccasin (D:9)
  A sky beast (D:9)
  A human (D:7)
  2 ogres
  A centaur (D:10)
  2 big kobolds
  A jelly (D:6)
  A killer bee (D:10)
  A centaur skeleton (D:3)
  A hound (D:8)
  A bullfrog skeleton (D:5)
  A worker ant (D:4)
  A mummy (Ossuary)
  A worm (D:3)
  2 orcs
  A giant cockroach (D:3)
  An orc zombie (Ossuary)
  A rat (D:3)
  2 fungi (D:8)
  2 plants (D:8)
29 creatures vanquished.

Grand Total: 327 creatures vanquished

Notes
Turn   | Place    | Note
-------+----------+-------------------------------------------
     0 | D:1      | MajorAdolf the Naga Wanderer began the quest for the Orb.
     0 | D:1      | MajorAdolf set off with the following items: a +2 shortbow,
                  | 26 arrows, a +0 ring mail, a ration
     0 | D:1      | Reached XP level 1. HP: 19/19 MP: 1/1
   509 | D:1      | Reached XP level 2. HP: 26/26 MP: 2/2
   983 | D:1      | Reached skill level 1 in Dodging
  1368 | D:1      | Reached skill level 2 in Stealth
  1748 | D:2      | Reached XP level 3. HP: 20/32 MP: 3/3
  2061 | D:2      | Noticed Sigmund
  2070 | D:2      | Banished Sigmund
  2070 | D:2      | Reached skill level 1 in Axes
  2070 | D:2      | Reached skill level 3 in Stealth
  2070 | D:2      | Reached XP level 4. HP: 39/40 MP: 4/4
  2070 | D:2      | Reached XP level 5. HP: 45/46 MP: 5/5
  2443 | D:2      | Noticed Natasha
  2946 | D:3      | Found a basalt altar of Yredelemnul.
  3107 | D:3      | Noticed a phantom
  3461 | D:3      | Found a snail-covered altar of Cheibriados.
  3487 | D:4      | Noticed an ogre
  3493 | D:4      | Killed an ogre
  3493 | D:4      | Reached skill level 4 in Stealth
  3493 | D:4      | Reached XP level 6. HP: 56/56 MP: 6/6
  3630 | D:4      | Found a shimmering altar of Xom.
  3730 | D:4      | Reached skill level 1 in Shields
  4172 | D:4      | Reached XP level 7. HP: 62/62 MP: 7/7
  4366 | D:4      | Learned a level 1 spell: Beastly Appendage
  4542 | D:5      | Entered Level 5 of the Dungeon
  5014 | D:5      | Found Okuwoud's Armour Shop.
  5022 | D:5      | Bought a +0 chain mail for 67 gold pieces
  5220 | D:5      | Reached skill level 5 in Stealth
  5401 | D:5      | Reached XP level 8. HP: 72/72 MP: 8/8
  5483 | D:5      | Found a hide-covered altar of Uskayaw.
  5684 | D:5      | Found Fiolig Iwk's Antique Weapon Shop.
  5690 | D:5      | Noticed Ijyb
  5754 | D:6      | Found a shattered altar of Ashenzari.
  5754 | D:6      | Found a hazy altar of Hepliaklqana.
  6433 | D:6      | Reached skill level 6 in Stealth
  6484 | D:6      | Found Unavve's Jewellery Emporium.
  6487 | D:6      | Bought a +3 amulet of reflection for 172 gold pieces
  6507 | D:6      | Found an ancient bone altar of Kikubaaqudgha.
  7861 | D:2      | Killed Natasha
  8349 | D:7      | Reached skill level 7 in Stealth
  8349 | D:7      | Reached XP level 9. HP: 71/80 MP: 10/10
  8380 | D:7      | Reached skill level 5 in Fighting
  8749 | D:7      | Found an ancient bone altar of Kikubaaqudgha.
  8814 | D:7      | HP: 4/81 [killer bee (4)]
  9406 | D:7      | Found a staircase to the Ecumenical Temple.
  9463 | Temple   | Entered the Ecumenical Temple
  9849 | D:8      | Noticed a two-headed ogre
  9857 | D:8      | Reached skill level 8 in Stealth
  9890 | D:8      | Found a transporter.
  9898 | D:8      | Noticed hurston's ghost (novice GrFi)
  9900 | D:8      | Found a transporter.
  9983 | D:8      | Found a sand-covered staircase.
  9996 | Ossuary  | Entered an ossuary
 10160 | D:8      | Reached skill level 5 in Axes
 10279 | D:8      | Reached XP level 10. HP: 91/91 MP: 12/12
 10319 | D:8      | Banished a two-headed ogre
 10332 | D:8      | Reached skill level 5 in Armour
 10440 | D:8      | Found a staircase to the Lair.
 10597 | D:9      | Reached skill level 9 in Stealth
 10738 | D:9      | Noticed a two-headed ogre
 10745 | D:9      | Killed a two-headed ogre
 10745 | D:9      | Reached skill level 5 in Dodging
 11704 | D:6      | Bought an uncursed ring of protection from magic for 275
                  | gold pieces
 11936 | D:8      | Reached skill level 10 in Stealth
 11936 | D:8      | Reached skill level 5 in Evocations
 11936 | D:8      | Reached XP level 11. HP: 78/98 MP: 14/14
 12124 | D:8      | Killed hurston's ghost
 12124 | D:8      | Reached skill level 5 in Shields
 12178 | D:10     | Entered Level 10 of the Dungeon
 12210 | D:10     | Noticed Sonja
 12297 | D:10     | Killed Sonja
 12410 | D:10     | Noticed Grum
 12420 | D:10     | Banished Grum
 12541 | D:10     | Noticed Fannar
 13162 | D:11     | Noticed Psyche
 13176 | D:11     | Killed Psyche
 13176 | D:11     | Reached skill level 11 in Stealth
 13451 | D:11     | Noticed Erolcha
 13500 | D:11     | Killed Erolcha
 13695 | D:11     | Found a staircase to the Orcish Mines.
 13827 | D:11     | Noticed Urug
 13831 | D:11     | Noticed Urug
 13831 | D:11     | Urug changed into Urug the sea snake
 13845 | D:11     | Killed Urug the sea snake
 13845 | D:11     | Reached XP level 12. HP: 109/109 MP: 16/16
 13996 | D:11     | Slain by an orc warrior

Levels and vault maps discovered:
D:1:      saegor_arrival_miasma, layout_loops_ring
D:2:      layout_loops_ring, uniq_natasha, uniq_sigmund
D:3:      layout_basic, old_standard_altar, lemuel_doored_altar
D:4:      layout_cave_pods, lemuel_round_altar, first_ration, skrybe_limestone_x
D:5:      layout_basic, eat_drink_and_be_merry_uskayaw, serial_shops,
          nicolae_shop_crystal, nicolae_shop_competitors_out_of_business,
          uniq_ijyb
D:6:      layout_basic, lemuel_zombie_altar_kikubaaqudgha,
          chequers_temple_overflow_statue_of_worship, serial_shops,
          nicolae_shop_crystal, st_stairs_2
D:7:      layout_basic, minmay_temple_entry_butterflies, tgw_kikubaaqudgha
D:8:      layout_rooms, grunt_lair_entry_orc_guard_hut, enter_ossuary_1,
          gammafunk_ghost_arena
D:9:      layout_cave_pools
D:10:     layout_long_grid, uniq_joseph, uniq_fannar, uniq_sonja, uniq_grum
D:11:     layout_roguey [special_room_orc], david_orc_4, uniq_psyche, uniq_urug,
          uniq_erolcha
Temple:   regret_index_temple_waves

Skill      XL: |  1  2  3  4  5  6  7  8  9 10 11 |
---------------+----------------------------------+-----
Armour         | 2 3 4 5 6 |  6.4
Dodging        | 1 2 3 4 5 6 |  6.3
Stealth        | 2 3 4 5 7 8 10 11 | 11.5
Axes           | 1 2 3 4 5 6 7 |  7.3
Fighting       | 3 4 5 6 7 |  7.7
Shields        | 1 2 3 4 5 |  5.8
Evocations     | 2 3 5 6 |  6.3
Bows           | |  1.0
Charms         | |  2.0
Fire Magic     | |  1.0

Action                   |  1- 3 |  4- 6 |  7- 9 | 10-12 || total
-------------------------+-------+-------+-------+-------++-------
Melee: Unarmed           |    39 |       |       |       ||    39
       Dagger            |    54 |       |       |       ||    54
       Hand axe          |    25 |   109 |   545 |   504 ||  1183
       Headbutt          |       |       |     1 |       ||     1
       Broad axe         |       |       |       |    49 ||    49
 Cast: Beastly Appendage |       |       |     2 |       ||     2
 Abil: Spit Poison       |    19 |    16 |     5 |     5 ||    45
Evoke: Wand              |       |     1 |     2 |     9 ||    12
  Use: Scroll            |     1 |     8 |    11 |     3 ||    23
       Potion            |       |     4 |     3 |     2 ||     9
 Stab: Sleeping          |       |     2 |       |     2 ||     4
       Confused          |       |       |     1 |       ||     1
  Eat: Chunk             |     3 |     6 |    12 |    10 ||    31
       Ration            |       |       |     2 |       ||     2
Armor: Ring mail         |    31 |    33 |     3 |       ||    67
       Skin              |       |    12 |       |       ||    12
       Chain mail        |       |       |   262 |   213 ||   475
       Robe              |       |       |       |    10 ||    10
Dodge: Dodged            |    37 |    42 |    98 |    72 ||   249
Block: Large shield      |       |    16 |   312 |   478 ||   806
       Other             |       |       |    11 |       ||    11
       Reflection        |       |       |     7 |    15 ||    22
